 Dungeon Crawl Stone Soup version 0.29-a0-887-gcbe080d7e0 (webtiles) character file.

Game seed: 4915208306912400350

107563 nicolae the Warrior (level 16, -10/122 HPs)
             Began as an Octopode Transmuter on July 7, 2022.
             Was an Initiate of Gozag.
             Mangled by an Executioner (21 damage)
             ... on level 2 of the Abyss on July 22, 2022.
             The game lasted 02:00:54 (32236 turns).

nicolae the Warrior (Octopode Transmuter)          Turns: 32236, Time: 02:00:54

Health: -10/122    AC: 11    Str: 10      XL:     16   Next: 47%
Magic:  23/23      EV: 28    Int: 24 (25) God:    Gozag
Gold:   1590       SH:  0    Dex: 22      Spells: 5/25 levels left

rFire   + + .      SeeInvis .     - Unarmed
rCold   + + +      Faith    .   (no shield)
rNeg    . . .      Spirit   .   Q - +2 hat "Gyr Kuca" {rC+ Will+ Int+2}
rPois   +          Reflect  .   u - amulet of the acrobat
rElec   +          Harm     .   f - ring of resist corrosion
rCorr   +          Rampage  .   g - +6 ring of intelligence
Will    ++...                   q - +4 ring of evasion
Stlth   ++........              s - ring of wizardry
HPRegen 0.30/turn               y - ring of Vecropt {+Blink rElec rF+ rC++ Dex-2}
MPRegen 0.18/turn               E - +4 ring of protection
                                S - +6 ring of dexterity
                                N - +4 ring of protection

@: confused, brilliant, about to teleport, resistant, ambrosia-drunk, hasted,
invisible, very quick
A: almost no armour, amphibious, 8 rings, camouflage 1, gelatinous body 1,
(nimble swimmer 1), tentacles
a: Renounce Religion, Evoke Blink, Potion Petition, Call Merchant, Bribe Branch


You were on level 2 of the Abyss.
You worshipped Gozag.
Gozag was most pleased with you.
You visited 4 branches of the dungeon, and saw 22 of its levels.
You visited the Abyss 1 time.
You also visited: Ossuary, Gauntlet and Ice Cave.

You collected 6995 gold pieces.
You spent 716 gold pieces at shops.
You paid 4689 gold pieces to Gozag.

Inventory:

Hand Weapons
 l - a +1 demon whip of venom
Missiles
 c - 42 poisoned darts
 d - 6 throwing nets
 v - 8 boomerangs
 D - 9 javelins
 M - 13 curare-tipped darts
Armour
 Q - the +2 hat "Gyr Kuca" (worn) {rC+ Will+ Int+2}
   (You acquired it on level 2 of the Lair of Beasts)

   Int:       It affects your intelligence (+2).
   rC:        It protects you from cold.
   Will:      It increases your willpower.
Jewellery
 f - a ring of resist corrosion (left tentacle)
 g - a +6 ring of intelligence (right tentacle)
 n - a ring of magical power
 q - a +4 ring of evasion (on tentacle)
 s - a ring of wizardry (on tentacle)
 u - an amulet of the acrobat (around mantle)
 x - an amulet of magic regeneration
 y - the ring of Vecropt (on tentacle) {+Blink rElec rF+ rC++ Dex-2}
   (You acquired it on level 7 of the Dungeon)

   [ring of protection from fire]

   Dex:       It affects your dexterity (-2).
   rF:        It protects you from fire.
   rC:        It greatly protects you from cold.
   rElec:     It insulates you from electricity.
   +Blink:    It lets you blink.
 E - a +4 ring of protection (on tentacle)
 L - a ring of poison resistance
 N - a +4 ring of protection (on tentacle)
 S - a +6 ring of dexterity (on tentacle)
Wands
 b - a wand of polymorph (15)
 r - a wand of quicksilver (1)
 C - a wand of digging (5)
 G - a wand of flame (15)
 O - a wand of roots (5)
Scrolls
 e - 8 scrolls of teleportation
 o - 4 scrolls of poison
 z - 6 scrolls of amnesia
 A - a scroll of immolation
 F - 4 scrolls of fog
 I - a scroll of torment
 T - a scroll of summoning
 U - a scroll of brand weapon {unknown}
 V - a scroll of identify
 W - a scroll of magic mapping
Potions
 a - 6 potions of lignification
 h - 2 potions of mutation
 i - 7 potions of attraction
 j - 2 potions of might
 m - a potion of ambrosia
 p - 2 potions of flight
 w - a potion of berserk rage
 B - a potion of resistance
 H - a potion of magic
 J - 4 potions of brilliance
 P - 2 potions of haste
Miscellaneous
 k - a lightning rod (4/4)
 K - a piece from Xom's chessboard (15/15)


   Skills:
 - Level 15.0 Fighting
 - Level 6.0 Throwing
 + Level 14.0 Dodging
 - Level 11.9 Unarmed Combat
 - Level 5.0 Spellcasting
 - Level 5.0 Summonings
 - Level 7.0 Transmutations
 + Level 5.5 Ice Magic
 - Level 5.0 Air Magic
 - Level 2.1 Poison Magic
 - Level 10.0 Evocations


You had 5 spell levels left.
You knew the following spells:

 Your Spells              Type           Power      Damage    Failure   Level
a - Ozocubu's Armour      Ice            49%        N/A       1%          3
b - Wereblood             Tmut           56%        N/A       1%          2
c - Spider Form           Tmut/Pois      42%        N/A       1%          3
d - Ice Form              Ice/Tmut       52%        N/A       2%          4
e - Summon Lightning Spi  Summ/Air       45%        N/A       4%          4
f - Swiftness             Air            45%        N/A       1%          3
g - Apportation           Tloc           18%        N/A       3%          1

Your spell library contained the following spells:

 Spells                   Type           Power      Damage    Failure   Level
 Beastly Appendage        Tmut           100%       N/A       1%          1
 Shock                    Conj/Air       100%       1d9       1%          1
 Call Canine Familiar     Summ           45%        N/A       1%          3
 Foxfire                  Conj/Fire      36%        2x1d5     3%          1
 Airstrike                Air            22%        0-8+      4%          4
 Conjure Flame            Conj/Fire      9%         6-21      11%         3
 Inner Flame              Hex/Fire       9%         N/A       11%         3
 Portal Projectile        Hex/Tloc       18%        N/A       11%         3
 Hailstorm                Conj/Ice       29%        3d8       12%         4
 Alistair's Intoxication  Tmut/Pois      28%        N/A       16%         5
 Flame Wave               Conj/Fire      9%         2d5       32%         4
 Fulminant Prism          Conj/Hex       4%         3d6       32%         4
 Iskenderun's Mystic Bla  Conj/Tloc      9%         2d4       32%         4
 Leda's Liquefaction      Hex/Erth       4%         N/A       32%         4
 Lightning Bolt           Conj/Air       13%        1d27      32%         5
 Iskenderun's Battlesphe  Conj           9%         2d6       65%         5
 Lee's Rapid Deconstruct  Erth           4%         3d6*      65%         5
 Ozocubu's Refrigeration  Ice            24%        4d9       95%         7
 Iron Shot                Conj/Erth      4%         9d2       99%         6
 Spellforged Servitor     Conj/Summ      13%        N/A       100%        7
 Simulacrum               Ice/Necr       Unusable   N/A       N/A         6

Dungeon Overview and Level Annotations

Branches:
Dungeon (13/15)            Temple (1/1) D:7            Lair (6/6) D:11
  Swamp (0/4) Lair:4       Spider (0/4) Lair:2        Slime (0/5) Lair:5
    Orc (2/2) D:11            Elf (0/3) Orc:2       Ossuary (visited)
  IceCv (visited)         Gauntlet (visited)
 Vaults: D:13-14

Altars:
Ashenzari
Elyvilon
Fedhas
Gozag
Kikubaaqudgha
Nemelex Xobeh
Okawaru
Ru
Sif Muna
Uskayaw
Yredelemnul
The Shining One
Jiyva

Shops:
D:1 (   D:3 (   D:9 =   Orc:1 (   Orc:2 ?(!(

Portals:
Trove: D:12 (give 6 scrolls of fog)

Annotations:
D:6 1 runed translucent door, zeratav's ghost, novice OpVM
D:8 2 transporters, IdlyInterested's ghost, novice DsFi
D:11 1 runed translucent door, peter4's ghost, journeyman GrBe
D:12 exclusion: orange crystal statue Gauntlet 11 transporters


Innate Abilities, Weirdness & Mutations

You cannot wear most types of armour.
You are amphibious.
You can wear up to eight rings at the same time.
Your skin changes colour to match your surroundings (Stealth+).
Your rubbery body absorbs attacks. (AC +1, EV +1)
((You are camouflaged when in or above water. (Stealth+)))
You have tentacles for arms and can constrict up to eight enemies at once.


Message History

Purchase which effect?
You feel protected.
You fade into invisibility!
You feel as though your hastened speed will last longer.
You feel much better. The Executioner hits you!
The Executioner hits you but does no damage.
The Executioner completely misses you. The Executioner hits you!
* * * LOW HITPOINT WARNING * * *
The Executioner hits you but does no damage.
The Executioner misses you.
The Executioner attacks as you move away!
The Executioner barely misses you.
The Executioner completely misses you. x2
The Executioner closely misses you. The Executioner completely misses you.
The Executioner hits you!
* * * LOW HITPOINT WARNING * * *
Okay, then.
You are confused.
You feel invigorated. The Executioner hits you.
* * * LOW HITPOINT WARNING * * *
The Executioner misses you. The Executioner barely misses you.
The Executioner hits you but does no damage. x2
The Executioner hits you.
* * * LOW HITPOINT WARNING * * *
You're too confused to move!
The Executioner completely misses you.
The Executioner hits you but does no damage.
The Executioner completely misses you. The Executioner barely misses you.
The Executioner misses you.
The Executioner hits you but does no damage.
The Executioner attacks as you move away!
The Executioner completely misses you. The Executioner misses you.
The Executioner hits you but does no damage.
The Executioner hits you!
* * * LOW HITPOINT WARNING * * *
The Executioner closely misses you. The Executioner completely misses you.
You bump into the stone wall.
You warm up again.
The +2 hat "Gyr Kuca" {rC+ Will+ Int+2} unmelds from your body.
The Executioner hits you!!
You die...
Your body crumbles into a pile of gold.

#..# .#.##.##
###...##... .
.. ..#..#.##...
#...##X....#
#..#...##..# #.
.#.....#####
#.##..........#
#
##.#.....#....
##@.##....#...
##1#......#
#§.#### §# #..#
....# #...#§#
#.....# #######


You could see an Executioner (fast) and a large abomination (unable to see you).

Vanquished Creatures
  Jorgrun (D:12)
  Frances (D:11)
  Snorg (D:13)
  6 hydras
  4 boulder beetles
  2 ogre magi (Orc:2)
  3 catoblepae
  18 death yaks
  8 two-headed ogres (Orc:2)
  Urug (Lair:6)
  A deep troll shaman (Lair:6)
  Sonja (Orc:1)
  A thrashing horror (Abyss:2)
  Amaemon (D:8)
  2 deep trolls (Orc:2)
  2 orc knights
  A lindwurm (Lair:6)
  An ugly thing (IceCv)
  An oklob plant (Lair:2)
  2 ice statues (IceCv)
  Maurice (D:12)
  3 cyclopes
  13 elephants
  2 orange demons
  7 black mambas
  6 cane toads
  A torpor snail (Lair:3)
  An unseen horror (D:12)
  3 rime drakes
  Psyche (D:8)
  An entropy weaver simulacrum (IceCv)
  12 komodo dragons
  8 ice devils (IceCv)
  14 trolls
  A tyrant leech (Lair:4)
  5 polar bears
  3 meliai (D:11)
  7 slime creatures (D:12)
  A hornet (D:7)
  31 blink frogs
  7 dream sheep
  4 wyverns
  44 yaks
  A dire elephant simulacrum (IceCv)
  5 wraiths
  4 steam dragons
  4 basilisks
  Menkaure (Ossuary)
  7 vampire mosquitoes (D:11)
  A harpy simulacrum (IceCv)
  3 acid dragons
  2 wargs (Orc:2)
  6 water moccasins
  4 swamp worms (Lair:4)
  3 black bears
  An ice beast (D:5)
  16 orc warriors
  21 ogres
  18 wolves
  3 centaurs
  3 kobold brigands
  14 bullfrogs
  2 gnoll sergeants (D:9)
  4 scorpions (Lair:2)
  A necrophage (D:6)
  3 two-headed ogre simulacra (IceCv)
  A cane toad simulacrum (IceCv)
  4 wights (D:9)
  A small abomination (Abyss:2)
  2 elephant simulacra (IceCv)
  A hound (D:6)
  17 orc priests
  3 iguanas
  5 jellies
  2 gnoll boudas
  15 orc wizards
  Terence (D:2)
  10 hell rats
  A polar bear simulacrum (IceCv)
  3 spriggan simulacra (IceCv)
  2 troll simulacra (IceCv)
  3 mummies (Ossuary)
  20 gnolls
  A naga simulacrum (IceCv)
  5 adders
  6 river rats
  2 white imps
  3 ufetubi
  2 worms (D:2)
  3 dart slugs
  50 orcs
  5 ball pythons
  6 bats
  9 endoplasms
  6 giant cockroaches
  5 goblins
  2 hobgoblins
  3 jackals (D:4)
  22 kobolds
  2 quokkas
  3 frilled lizards
  2 gnoll skeletons (Ossuary)
  5 gnoll zombies (Ossuary)
  5 goblin skeletons (Ossuary)
  3 goblin zombies (Ossuary)
  2 hobgoblin skeletons (Ossuary)
  3 hobgoblin zombies (Ossuary)
  4 kobold skeletons (Ossuary)
  6 kobold zombies (Ossuary)
  4 orc skeletons (Ossuary)
  5 orc zombies (Ossuary)
  10 rats
  8 rat skeletons (Ossuary)
  3 rat zombies (Ossuary)
647 creatures vanquished.

Vanquished Creatures (collateral kills)
  2 dream sheep
2 creatures vanquished.

Vanquished Creatures (others)
  A sky beast (D:7)
  An orc (D:10)
  59 fungi
  54 plants
115 creatures vanquished.

Grand Total: 764 creatures vanquished

Notes
Turn   | Place    | Note
-------+----------+-------------------------------------------
     0 | D:1      | nicolae the Octopode Transmuter began the quest for the
                  | Orb.
     0 | D:1      | Reached XP level 1. HP: 13/13 MP: 3/3
   156 | D:1      | Found a faded altar of an unknown god.
   172 | D:1      | Reached XP level 2. HP: 18/18 MP: 5/5
   175 | D:1      | Learned a level 2 spell: Wereblood
   176 | D:1      | Found Opirouba's Weapon Shoppe.
   688 | D:1      | Reached XP level 3. HP: 21/23 MP: 6/6
   720 | D:1      | Learned a level 3 spell: Spider Form
  1534 | D:2      | Noticed Terence
  2462 | D:2      | Reached XP level 4. HP: 19/28 MP: 5/7
  2733 | D:2      | Killed Terence
  2815 | D:3      | Found Pippir's Antique Weapon Shoppe.
  3472 | D:4      | Reached skill level 5 in Transmutations
  3472 | D:4      | Reached skill level 1 in Poison Magic
  3472 | D:4      | Reached XP level 5. HP: 21/33 MP: 8/8
  3635 | D:4      | Found an iron altar of Okawaru.
  4248 | D:5      | Entered Level 5 of the Dungeon
  4510 | D:4      | Upgraded the game from 0.29-a0-821-g66395355a5 to
                  | 0.29-a0-823-gc37b1572da
  4776 | D:5      | Reached XP level 6. HP: 37/38 MP: 5/9
  5128 | D:5      | Reached skill level 5 in Unarmed Combat
  5292 | D:5      | Reached XP level 7. HP: 43/43 MP: 7/10
  5300 | D:5      | Learned a level 4 spell: Ice Form
  5585 | D:6      | Found a runed translucent door.
  5589 | D:6      | Noticed zeratav's ghost (novice OpVM)
  5692 | D:6      | Found a sparkling altar of Nemelex Xobeh.
  6257 | D:6      | Reached skill level 5 in Ice Magic
  6257 | D:6      | Reached XP level 8. HP: 45/48 MP: 6/11
  6655 | D:7      | Found a staircase to the Ecumenical Temple.
  6664 | D:7      | Noticed a wyvern
  6674 | Temple   | Entered the Ecumenical Temple
  6696 | Temple   | Became a worshipper of Gozag Ym Sagoz the Greedy
  6724 | D:7      | Killed a wyvern
  6823 | D:7      | Noticed a hornet
  7024 | D:7      | Identified a scroll of acquirement
  7025 | D:7      | Acquired the ring of Vecropt {+Blink rElec rF+ rC++ Dex-2}
  7169 | D:7      | Killed a hornet
  7194 | D:7      | Found a sand-covered staircase.
  7199 | Ossuary  | Entered an ossuary
  7652 | Ossuary  | Reached XP level 9. HP: 25/53 MP: 10/12
  7864 | Ossuary  | Noticed Menkaure
  7871 | Ossuary  | Killed Menkaure
  8981 | D:8      | Found a transporter.
  9314 | D:8      | Reached skill level 10 in Unarmed Combat
  9340 | D:8      | Found a transporter.
  9347 | D:8      | Noticed IdlyInterested's ghost (novice DsFi)
  9379 | D:8      | Noticed Psyche
  9394 | D:8      | Killed Psyche
  9877 | D:9      | Noticed Amaemon
  9877 | D:9      | Noticed an orange demon
  9892 | D:8      | Killed Amaemon
  9893 | D:8      | Reached XP level 10. HP: 40/58 MP: 9/13
 10155 | D:9      | Killed an orange demon
 10563 | D:9      | Found Nuitzabb's Jewellery Shop.
 10566 | D:9      | Bought a ring of poison resistance for 320 gold pieces
 10796 | D:9      | Reached skill level 1 in Evocations
 10903 | D:10     | Entered Level 10 of the Dungeon
 10978 | D:10     | Reached skill level 2 in Fighting
 11439 | D:10     | Reached skill level 3 in Fighting
 11779 | D:11     | Found a runed translucent door.
 11780 | D:11     | Noticed peter4's ghost (journeyman GrBe)
 11940 | D:11     | Reached skill level 4 in Fighting
 11946 | D:11     | Found a frozen archway.
 11968 | D:11     | Reached XP level 11. HP: 70/70 MP: 9/14
 11984 | IceCv    | Entered an ice cave
 12020 | IceCv    | Reached skill level 5 in Dodging
 12020 | IceCv    | Reached skill level 5 in Evocations
 12022 | IceCv    | Reached skill level 5 in Fighting
 12189 | IceCv    | Reached skill level 1 in Throwing
 12863 | IceCv    | Noticed a white ugly thing
 12873 | IceCv    | Killed a white ugly thing
 13518 | IceCv    | Reached skill level 6 in Fighting
 13929 | IceCv    | Noticed a reaper
 14275 | D:11     | Found a staircase to the Orcish Mines.
 14282 | D:11     | Noticed a death yak
 14297 | D:11     | Noticed a death yak
 14297 | D:11     | Noticed a death yak
 14306 | D:11     | Killed a death yak
 14314 | D:11     | Killed a death yak
 14322 | D:11     | Killed a death yak
 14724 | D:11     | Identified the +3 leather armour "Ipnyrph" {Dex+4}
 14739 | D:11     | Reached XP level 12. HP: 80/80 MP: 9/15
 14918 | D:11     | Reached skill level 7 in Fighting
 15145 | D:11     | Found a staircase to the Lair.
 15621 | Lair:1   | Entered Level 1 of the Lair of Beasts
 15808 | Lair:1   | Reached skill level 5 in Throwing
 15869 | Lair:1   | Learned a level 4 spell: Summon Lightning Spire
 15880 | Lair:1   | Noticed a five-headed hydra
 15893 | Lair:1   | Killed a five-headed hydra
 15894 | Lair:1   | Reached skill level 1 in Summonings
 15894 | Lair:1   | Reached skill level 1 in Air Magic
 17507 | Lair:2   | Noticed a boulder beetle
 17553 | Lair:2   | Killed a boulder beetle
 17554 | Lair:2   | Reached skill level 5 in Summonings
 17554 | Lair:2   | Reached skill level 5 in Air Magic
 17571 | Lair:2   | Found a hole to the Spider Nest.
 18068 | Lair:2   | Acquired the +2 hat "Gyr Kuca" {rC+ Will+ Int+2}
 18129 | Lair:2   | Noticed a catoblepas
 18301 | Lair:2   | Killed a catoblepas
 18618 | Lair:3   | Reached skill level 8 in Fighting
 18618 | Lair:3   | Reached XP level 13. HP: 78/88 MP: 9/16
 19431 | Lair:3   | Reached skill level 9 in Fighting
 21019 | Lair:3   | Upgraded the game from 0.29-a0-823-gc37b1572da to
                  | 0.29-a0-857-g9b1aa3ac5b
 21274 | Lair:4   | Reached skill level 10 in Dodging
 21522 | Lair:4   | Reached skill level 10 in Fighting
 22587 | Lair:4   | Reached skill level 12 in Fighting
 22587 | Lair:4   | Reached XP level 14. HP: 103/103 MP: 17/17
 22897 | Lair:4   | Found a staircase to the Swamp.
 23050 | Lair:4   | Reached XP level 15. HP: 108/108 MP: 14/18
 23523 | Lair:5   | Reached skill level 10 in Evocations
 23812 | Lair:5   | Found a staircase to the Slime Pits.
 23815 | Lair:5   | Found a viscous altar of Jiyva.
 24148 | Lair:5   | Reached skill level 13 in Fighting
 24899 | Lair:6   | Entered Level 6 of the Lair of Beasts
 24903 | Lair:6   | Noticed Urug
 25150 | Lair:5   | Upgraded the game from 0.29-a0-857-g9b1aa3ac5b to
                  | 0.29-a0-887-gcbe080d7e0
 25616 | Lair:6   | Killed Urug
 26704 | Lair:6   | Learned a level 3 spell: Swiftness
 26758 | Lair:6   | Reached skill level 14 in Fighting
 27095 | Lair:6   | Identified the +6 dagger of Death {venom, *Noise rC++ rN+
                  | Int-5}
 27103 | Lair:6   | Learned a level 1 spell: Apportation
 27510 | D:12     | Noticed Frances
 27522 | D:11     | Killed Frances
 27963 | D:12     | Noticed Maurice
 27971 | D:12     | Noticed Jorgrun
 28083 | Orc:1    | Entered Level 1 of the Orcish Mines
 28083 | Orc:1    | Noticed Sonja
 28093 | Orc:1    | Killed Sonja
 28414 | Orc:1    | Found Kimuh's Antique Weapon Boutique.
 29121 | Orc:2    | Entered Level 2 of the Orcish Mines
 29161 | Orc:2    | Reached XP level 16. HP: 120/120 MP: 17/19
 29298 | Orc:2    | Reached skill level 15 in Fighting
 29343 | Orc:2    | Found Zorejygemm's Antique Weapon Shoppe.
 29348 | Orc:2    | Found Ridghel's Magic Scroll Shoppe.
 29349 | Orc:2    | Found Poojeiz's Distillery.
 29356 | Orc:2    | Bought a scroll of identify for 24 gold pieces
 29356 | Orc:2    | Bought a scroll of magic mapping for 90 gold pieces
 29356 | Orc:2    | Bought a scroll of fear for 48 gold pieces
 29356 | Orc:2    | Bought a scroll of identify for 24 gold pieces
 29361 | Orc:2    | Found Osiukh's Antique Weapon Emporium.
 29364 | Orc:2    | Bought a potion of heal wounds for 70 gold pieces
 29364 | Orc:2    | Bought a potion of haste for 140 gold pieces
 29410 | Orc:2    | Found a staircase to the Elven Halls.
 30552 | D:12     | Killed Maurice
 30582 | D:12     | Killed Jorgrun
 31508 | D:12     | Found a portal to a secret trove of treasure.
 31657 | D:13     | Learned a level 3 spell: Ozocubu's Armour
 31777 | D:13     | Noticed Snorg
 31784 | D:13     | Killed Snorg
 31821 | D:13     | Found a gate leading to a gauntlet.
 31835 | Gauntlet | Entered a Gauntlet
 31835 | Gauntlet | Found a transporter.
 31835 | Gauntlet | Found a transporter.
 31835 | Gauntlet | Found a transporter.
 31836 | Gauntlet | Found a transporter.
 31839 | Gauntlet | Found a transporter.
 31853 | Gauntlet | Found a transporter.
 31919 | Gauntlet | Found a transporter.
 31935 | Gauntlet | Found a transporter.
 31944 | Gauntlet | Found a transporter.
 31954 | Gauntlet | Found a transporter.
 31969 | Gauntlet | Found a transporter.
 31972 | Gauntlet | Found a transporter.
 32087 | Abyss:2  | Cast into level 2 of the Abyss (a wizard)
 32116 | Abyss:2  | Found a corrupted altar of Lugonu.
 32142 | Abyss:2  | Reached skill level 5 in Spellcasting
 32194 | Abyss:2  | Noticed an Executioner
 32236 | Abyss:2  | Mangled by an Executioner

Illustrated notes

Levels and vault maps discovered:
D:1:      zelgadis_glass_arrival_small, layout_loops_ring,
          ebering_ecumenical_altar_webs, serial_shops,
          nicolae_shop_bloodbath_and_beyond
D:2:      layout_loops_ring, kennysheep_generic_room_10, uniq_terence
D:3:      layout_basic, serial_shops, nicolae_shop_behind_doors
D:4:      layout_loops_ring, kennysheep_okawaru_gauntlet
D:5:      layout_basic
D:6:      layout_basic, mainiacjoe_overflow_cross_hatched,
          ebering_ghost_sewer_d, amcnicky_mini_corridor_feature,
          nicolae_figureground_sparkle
D:7:      layout_basic, minmay_temple_entry_grid,
          lightli_ossuary_entry_decrepit_ruins
D:8:      layout_basic, gammafunk_ghost_stat_death, uniq_psyche
D:9:      layout_rooms, serial_shops, nicolae_shop_window_shopping, uniq_amaemon
D:10:     layout_small_grid, nicolae_titane
D:11:     layout_loops_ring, dpeg_lair_monsters, orc_0_dummy,
          hellmonk_ghost_happy_afterlife, portal_ice_cave_entry_pillars_2
D:12:     layout_cave_pools, nicolae_trove_entry_crystal, minivault_16,
          uniq_jorgrun, uniq_maurice, uniq_frances
D:13:     layout_loops_ring, gauntlet_entry_generic, minmay_misc_feat_rugged,
          kennysheep_generic_room_6, uniq_snorg
Temple:   nicolae_temple_bog_church
Lair:1:   layout_cave_pods, nicolae_lair_lil_pond
Lair:2:   layout_loops_ring, nicolae_spider_entry_non_spiders,
          kennysheep_abandoned_house
Lair:3:   layout_chaotic_city
Lair:4:   layout_loops_ring, palyth_hydra_swamp_entry, grunt_megastairs_4,
          lemuel_fruit_fields
Lair:5:   layout_cave_pods, slime_entry_1, infiniplex_staircase_pool,
          lemuel_fruit_tree, grunt_megastairs_3
Lair:6:   grunt_lair_end_beastmaster, layout_cave_pods, minivault_26, uniq_urug
Orc:1:    layout_diamond_mine, serial_shops, nicolae_shop_waterfront,
          nicolae_orc_pool_cavern, mines2_david, uniq_sonja
Orc:2:    st_orc_open, layout_caves
Abyss:2:  base:
D:10
Gauntlet: gammafunk_gauntlet_shortcut [nicolae_gauntlet_arena_t_cross,
          gammafunk_gauntlet_arena_grid, nicolae_gauntlet_swirl,
          nicolae_gauntlet_arena_grate_2, nicolae_gauntlet_arena_quarters,
          gammafunk_gauntlet_arena_spirals, dreamdust_gauntlet_exit_labyrinth]

Skill      XL: |  1  2  3  4  5  6  7  8  9 10 11 12 13 14 15 16 |
---------------+-------------------------------------------------+-----
Transmutations | 3 4 5 7 |  7.0
Poison Magic   | 1 2 |  2.1
Unarmed Combat | 4 5 8 11 | 11.9
Ice Magic      | 5 |  5.5
Evocations     | 4 7 9 10 | 10.0
Fighting       | 4 6 8 12 14 15 | 15.0
Dodging        | 4 6 8 10 13 14 | 14.0
Throwing       | 4 5 6 |  6.0
Summonings     | 5 |  5.0
Air Magic      | 5 |  5.0
Spellcasting   | 5 |  5.0

Action                   |  1- 3 |  4- 6 |  7- 9 | 10-12 | 13-15 | 16-18 || total
-------------------------+-------+-------+-------+-------+-------+-------++-------
Melee: Unarmed           |    89 |   109 |   266 |   601 |   838 |   246 ||  2149
       Constrict         |    19 |    22 |    23 |     5 |     6 |       ||    75
       Kick              |    20 |    30 |    28 |       |       |       ||    78
       Tentacles         |    13 |    19 |    30 |    11 |     7 |       ||    80
       Punch             |     2 |     3 |     5 |     3 |     1 |       ||    14
Throw: Boomerang         |       |     2 |     2 |     2 |       |       ||     6
       Dart              |       |     1 |       |       |       |       ||     1
 Cast: Beastly Appendage |    17 |    21 |    15 |       |       |       ||    53
       Wereblood         |       |     6 |     6 |    16 |     3 |     4 ||    35
       Spider Form       |       |     3 |     1 |     1 |       |       ||     5
       Ice Form          |       |       |    19 |    48 |    80 |    16 ||   163
       Summon Lightning  |       |       |       |       |     4 |       ||     4
Invok: Potion Petition   |       |       |       |     2 |     4 |     4 ||    10
 Abil: Evoke Blink       |       |       |       |       |     2 |     2 ||     4
       End Transformatio |       |       |       |       |       |     3 ||     3
Evoke: Wand              |       |       |     7 |    26 |    16 |     5 ||    54
       Piece from Xom's  |       |       |       |    10 |       |       ||    10
       Lightning rod     |       |       |       |       |     7 |     2 ||     9
  Use: Scroll            |     4 |     6 |    11 |     7 |    13 |     7 ||    48
       Potion            |     1 |     5 |     4 |     7 |     7 |     6 ||    30
 Stab: Sleeping          |     9 |     8 |     4 |     1 |     2 |     2 ||    26
       Distracted        |     1 |       |       |     2 |     4 |     1 ||     8
Armor: Skin              |     8 |     7 |    43 |   139 |   201 |    67 ||   465
Dodge: Dodged            |    48 |   111 |   173 |   424 |   662 |   287 ||  1705

Table legend: (Time is in decaauts)
 A = Elapsed time spent in this place.
 B = Non-inter-level travel time spent in this place.
 C = Inter-level travel time spent in this place.
 D = Time resting spent in this place.
 E = Time spent auto-exploring this place.
 F = Levels seen in this place.
 G = Mean time per level.
                   A        B        C        D        E       F      G
               +--------+--------+--------+--------+--------+-----+--------+
         Total |  31802 |  30554 |   1248 |   9820 |  10206 |  26 | 1223.2 |
       Dungeon |  14585 |  13963 |    622 |   3964 |   6416 |  13 | 1121.9 |
        Temple |     42 |     23 |     19 |      0 |     12 |   1 |   42.0 |
          Lair |  11686 |  11150 |    536 |   3811 |   3141 |   6 | 1947.7 |
  Orcish Mines |   2223 |   2153 |     70 |    426 |    530 |   2 | 1111.5 |
         Abyss |    134 |    134 |      0 |      0 |      0 |   1 |  134.0 |
       Ossuary |    738 |    738 |      0 |    256 |      0 |   1 |  738.0 |
      Ice Cave |   2142 |   2142 |      0 |   1362 |      0 |   1 | 2142.0 |
      Gauntlet |    250 |    250 |      0 |      0 |    107 |   1 |  250.0 |
               +--------+--------+--------+--------+--------+-----+--------+

Top non-repeatable levels by time:
  Lair:3: 2446 daAuts
  Lair:6: 2174 daAuts
   IceCv: 2142 daAuts
  Lair:4: 2095 daAuts
    D:11: 2078 daAuts
  Lair:2: 2027 daAuts
  Lair:5: 1742 daAuts
     D:8: 1700 daAuts
     D:2: 1604 daAuts
   Orc:1: 1299 daAuts
  Lair:1: 1201 daAuts
    D:10: 1179 daAuts
     D:1: 1140 daAuts
     D:4: 1128 daAuts
    D:12: 1104 daAuts
